 Dungeon Crawl Stone Soup version 0.23-a0-767-gdc19b93d68 (webtiles) character file.

372 Holzbalken the Cudgeler (level 6, -2/44 HPs)
             Began as a Demonspawn Gladiator on Jan 28, 2019.
             Slain by Menkaure (14 damage)
             ... on level 4 of the Dungeon.
             The game lasted 00:09:04 (3452 turns).

Holzbalken the Cudgeler (Demonspawn Gladiator)      Turns: 3452, Time: 00:09:05

Health: -2/44      AC:  9    Str: 16    XL:     6   Next: 43%
Magic:  0/6        EV:  7    Int:  9    God:
Gold:   204        SH:  0    Dex: 15    Spells: 5/5 levels left

rFire    . . .     SeeInvis .   a - +1 flail
rCold    . . .     Gourm    .   (no shield)
rNeg     . . .     Faith    .   l - +0 chain mail
rPois    .         Spirit   +   (helmet restricted)
rElec    .         Reflect  .   (no cloak)
rCorr    .         Harm     .   (no gloves)
MR       .....                  r - +0 pair of boots
Stlth    ..........             o - amulet of guardian spirit
HPRegen  0.14/turn              m - ring of flight
MPRegen  0.10/turn              (no ring)

@: no status effects
A: horns 1, magic shield
a: Evoke Flight


You were on level 4 of the Dungeon.
You were very hungry.

You visited 1 branch of the dungeon, and saw 4 of its levels.

You collected 204 gold pieces.

Inventory:

Hand Weapons
 a - a +1 flail (weapon)
Missiles
 d - 3 throwing nets (quivered)
Armour
 b - a +0 leather armour
 c - a +0 helmet
 l - a +0 chain mail (worn)
 r - a +0 pair of boots (worn)
Jewellery
 m - a ring of flight (left hand)
 o - an amulet of guardian spirit (around neck)
Wands
 q - a wand of polymorph (9)
Scrolls
 e - 2 scrolls of fear
 g - 2 scrolls of remove curse
 i - 2 scrolls of teleportation
 k - 2 scrolls of identify
Potions
 h - 3 potions of ambrosia
 s - a potion of degeneration
Comestibles
 f - 8 rations


   Skills:
 - Level 2.0 Fighting
 * Level 6.7 Maces & Flails
 - Level 1.7 Throwing
 - Level 2.6 Dodging


You had 5 spell levels left.
You didn't know any spells.
Your spell library contained the following spells:

 Spells                   Type           Power        Failure   Level  Hunger
 Summon Small Mammal      Summ           #...         100%        1    ##.....
 Call Imp                 Summ           #.......     100%        2    ###....
 Call Canine Familiar     Summ           #.......     100%        3    ####...
 Summon Guardian Golem    Hex/Summ       #.......     100%        3    ####...
 Cause Fear               Hex            #.........   100%        4    #####..
 Summon Ice Beast         Ice/Summ       #.......     100%        4    #####..
 Summon Lightning Spire   Summ/Air       #.......     100%        4    #####..
 Silence                  Hex/Air        #.........   100%        5    ######.
 Yara's Violent Unravell  Hex/Tmut       #.........   100%        5    ######.
 Deflect Missiles         Chrm/Air       #.........   100%        6    #######
 Discord                  Hex            #.........   100%        8    #######


Dungeon Overview and Level Annotations

Branches:
Dungeon (4/15)
 Temple: D:4-7

Altars:
Cheibriados
Elyvilon
Fedhas
Kikubaaqudgha
Okawaru
Vehumet
Xom
Zin

Annotations:
D:4 Menkaure


Innate Abilities, Weirdness & Mutations

You have a pair of small horns on your head.
When hurt, damage is shared between your health and your magic reserves.


Message History

The ogre is heavily wounded.
The ogre hits you with a +0 giant spiked club!
* * * LOW HITPOINT WARNING * * *
Your chain mail prevents you from hitting the ogre.
The ogre is heavily wounded.
The ogre completely misses you.
You hit the ogre. You headbutt the ogre.
The ogre is almost dead.
The ogre hits you but does no damage.
You sock the ogre!
You kill the ogre!
Menkaure points at you and mumbles some strange words.
You barely resist. You closely miss Menkaure. You headbutt Menkaure.
Menkaure is lightly damaged.
Menkaure barely misses you.
You hit Menkaure.
Menkaure is moderately damaged.
Menkaure hits you!
You die...

#.....# .# #.....#. ..+
####'##....## ### # ###
# #<##...... ..#.#....
# ##.....# #.#.#..
#####.....######..... #
....'.......>....#.#..#
..###...............!.#
#.###.....##.###@#.#..#
#...'.....##.# #M#
#####.....##.# #.# #
#.....##.###.# .
#.....#....#<# #
######.#.####.# # .#
##'#.# ... ##.###
#....# #.#
.....###....#


You could see Menkaure.

Vanquished Creatures
  A phantom (D:4)
  An ogre (D:4)
  A bullfrog (D:3)
  A hound (D:3)
  5 adders
  2 dart slugs (D:2)
  3 leopard geckos (D:3)
  2 orcs (D:3)
  A ball python (D:3)
  9 bats
  2 giant cockroaches
  6 goblins
  3 hobgoblins
  2 jackals (D:2)
  A quokka (D:3)
  6 frilled lizards
  8 kobolds
  5 rats
59 creatures vanquished.

Notes
Turn   | Place    | Note
-------+----------+-------------------------------------------
     0 | D:1      | Holzbalken the Demonspawn Gladiator began the quest for the
                  | Orb.
     0 | D:1      | Reached XP level 1. HP: 16/16 MP: 1/1
    72 | D:1      | Reached skill level 3 in Maces & Flails
   148 | D:1      | Gained mutation: You have a pair of small horns on your
                  | head. [demonic ancestry]
   148 | D:1      | Reached XP level 2. HP: 20/22 MP: 2/2
   683 | D:2      | Reached XP level 3. HP: 20/27 MP: 3/3
   843 | D:2      | Found a glowing silver altar of Zin.
   845 | D:2      | Noticed an angel
   848 | D:2      | Reached skill level 4 in Maces & Flails
   864 | D:2      | Found a shimmering altar of Xom.
  1685 | D:2      | Found a radiant altar of Vehumet.
  1860 | D:3      | Noticed a bullfrog
  1872 | D:3      | Killed a bullfrog
  1872 | D:3      | Reached skill level 5 in Maces & Flails
  1872 | D:3      | Reached XP level 4. HP: 4/33 MP: 4/4
  2147 | D:3      | Gained mutation: When hurt, damage is shared between your
                  | health and your magic reserves. [demonic ancestry]
  2147 | D:3      | Reached XP level 5. HP: 22/38 MP: 3/5
  2175 | D:3      | Found a blossoming altar of Fedhas.
  2176 | D:3      | Found an ancient bone altar of Kikubaaqudgha.
  2377 | D:3      | Found a snail-covered altar of Cheibriados.
  2474 | D:3      | Found an iron altar of Okawaru.
  2578 | D:3      | Found an iron altar of Okawaru.
  2824 | D:3      | Found a white marble altar of Elyvilon.
  2925 | D:4      | Noticed Menkaure
  3139 | D:4      | Noticed a phantom
  3181 | D:4      | Killed a phantom
  3181 | D:4      | Reached skill level 6 in Maces & Flails
  3181 | D:4      | Reached XP level 6. HP: 18/44 MP: 2/6
  3452 | D:4      | Slain by Menkaure

Vault maps used:
D:1:      saegor_arrival_simple_c
D:2:      grunt_temple_overflow_order_and_chaos_1, overflow_temple_1_default
D:3:      grunt_temple_overflow_growth_and_decay, marbit_many_paths,
          old_standard_altar, lemuel_coloured_pillars_altar,
          okawaru_metal_pillars_1_2
D:4:      first_ration, uniq_crazy_yiuf_cottage, uniq_menkaure

Skill      XL: |  1  2  3  4  5 |
---------------+----------------+-----
Maces & Flails | 3 5 6 |  6.7
Fighting       | |  2.0
Throwing       | |  1.7
Dodging        | |  2.6

Action                   |  1- 3 |  4- 6 || total
-------------------------+-------+-------++-------
Melee: Flail             |    98 |   102 ||   200
       Headbutt          |     8 |    18 ||    26
  Use: Scroll            |       |     7 ||     7
  Eat: Chunk             |     3 |     4 ||     7
Armor: Leather armour    |    22 |       ||    22
       Chain mail        |    21 |    43 ||    64
Dodge: Dodged            |    73 |    41 ||   114

Table legend:
 A = Non-vault XP
 B = Vault XP
 C = Vault XP percentage of total XP
 D = Non-vault monster count
 E = Vault monster count
 F = Vault count percentage of total count
                 A         B        C        D         E       F
            +---------+---------+-------+---------+---------+-------
      Total |     530 |       2 |   0.4 |      58 |       1 |   1.7
            +---------+---------+-------+---------+---------+-------
        D:1 |      32 |       0 |   0.0 |      20 |       0 |   0.0
        D:2 |      61 |       0 |   0.0 |      14 |       0 |   0.0
        D:3 |     174 |       2 |   1.1 |      21 |       1 |   4.5
        D:4 |     263 |       0 |   0.0 |       3 |       0 |   0.0
            +---------+---------+-------+---------+---------+-------
